AoeStats
← andresphones

Arabia

508958571Analyzed
1v1 RM · 7d ago on Sep 24, 2026· 27m 2s· 2 players
Game mode
Random Map
Map size
Tiny (2 player)
Population
200
Speed
Normal
Resources
Standard
Victory
Conquest
Starting age
Dark Age
Ending age
Imperial Age
RankedLock teamsTeams togetherTeam positionsShared explorationLock speedFull tech treeHidden civsTurbo modeCheats
Victory
Defeat
🇨🇴 Magyars · Colombia
952
+14
🇦🇷 Ethiopians · Argentina
914
-14
GISNANA
1:58 Loom
10:15 Feudal Age
11:13 Double-Bit Axe
17:18 Fletching
21:49 Castle Age
20:41 Horse Collar
20:54 Gold Mining
24:44 Forging
24:39 Scale Barding Armor
26:54 Town Watch
andresphones
7:30 Loom
9:44 Feudal Age
11:57 Double-Bit Axe
21:51 Castle Age
20:43 Fletching
20:53 Padded Archer Armor
20:47 Horse Collar
23:19 Thumb Ring
24:30 Bow Saw
Connection lost

Rejoining the realm…

Still unreachable

The connection could not be restored.

Session expired

The server has moved on; the page needs a fresh start.